 Dungeon Crawl Stone Soup version 0.30-a0-571-gdf30a72648 (webtiles) character file.

Game seed: 2251372871989969618

1337 wormed the Shooter (level 8, -4/42 HPs)
             Began as a Spriggan Hunter on Dec 30, 2022.
             Was an Initiate of Okawaru.
             Engulfed by a steam dragon's steam (7 damage)
             ... on level 6 of the Dungeon.
             The game lasted 00:06:47 (4677 turns).

wormed the Shooter (Spriggan Hunter)                Turns: 4677, Time: 00:06:48

Health: -4/42      AC:  2    Str:  7    XL:     8   Next: 35%
Magic:  9/9        EV: 21    Int: 11    God:    Okawaru [......]
Gold:   351        SH:  0    Dex: 20    Spells: 7/7 levels left

rFire   . . .      SeeInvis +    a - +0 shortbow
rCold   . . .      Faith    .    (shield currently unavailable)
rNeg    . . .      Spirit   .    c - +0 robe
rPois   .          Reflect  .    (helmet restricted)
rElec   .          Harm     .    (no cloak)
rCorr   .          Rampage  .    (gloves unavailable)
Will    +....                    (boots unavailable)
Stlth   ++++                     p - amulet of regeneration
HPRegen 1.07/turn                (no ring)
MPRegen 0.11/turn                (no ring)

@: very quick
A: very small, no large weapons, unfitting armour, see invisible, speed 3
a: Renounce Religion


You were on level 6 of the Dungeon.
You worshipped Okawaru.
Okawaru was noncommittal.
You visited 2 branches of the dungeon, and saw 7 of its levels.
You also visited: Sewer.

You collected 351 gold pieces.

Inventory:

Hand Weapons
 a - a +0 shortbow (weapon)
Armour
 c - a +0 robe (worn)
Jewellery
 h - a +6 ring of intelligence
 p - an amulet of regeneration (around neck)
 t - a ring of wizardry
 y - a ring of magical power
Wands
 x - a wand of iceblast (3)
Scrolls
 b - a scroll of immolation
 d - a scroll of enchant armour {unknown}
 g - 2 scrolls of fear {unknown}
 j - 2 scrolls of blinking {unknown}
 k - 2 scrolls of fog {unknown}
 l - a scroll of vulnerability {unknown}
 m - a scroll of butterflies {unknown}
 u - a scroll of magic mapping {unknown}
 v - a scroll of poison
 B - a scroll of enchant weapon
 C - 2 scrolls of identify
Potions
 e - 4 potions of curing
 f - 3 potions of heal wounds {unknown}
 i - a potion of resistance {unknown}
 n - a potion of brilliance {unknown}
 o - 3 potions of might {unknown}
 q - a potion of haste {unknown}
 r - 2 potions of lignification {unknown}
 s - 3 potions of attraction {unknown}
 w - a potion of berserk rage
 z - a potion of cancellation {unknown}
 A - a potion of invisibility {unknown}
 D - a potion of magic {unknown}


   Skills:
 + Level 4.0 Fighting
 * Level 7.6 Ranged Weapons
 + Level 6.5 Dodging
 + Level 7.1 Stealth


You had 7 spell levels left.
You didn't know any spells.
Your spell library contained the following spells:

 Spells                   Type           Power      Damage    Failure   Level
 Magic Dart               Conj           0%         1d3       34%         1
 Ensorcelled Hibernation  Hex/Ice        0%         N/A       47%         2
 Passwall                 Tmut/Erth      0%         N/A       47%         2
 Mephitic Cloud           Conj/Pois/Air  0%         N/A       71%         3
 Stone Arrow              Conj/Erth      0%         3d7       71%         3
 Swiftness                Air            0%         N/A       71%         3
 Lehudib's Crystal Spear  Conj/Erth      0%         10d2      100%        8
 Call Imp                 Summ           Unusable   N/A       N/A         2
 Animate Armour           Summ/Erth      Unusable   N/A       N/A         4

Dungeon Overview and Level Annotations

Branches:
Dungeon (6/15)             Temple (1/1) D:6           Sewer (visited)

Altars:
Ashenzari
Cheibriados
Dithmenos
Elyvilon
Fedhas
Gozag
Hepliaklqana
Nemelex Xobeh
Okawaru
Qazlal
Ru
Uskayaw
Vehumet
Xom
Yredelemnul
The Shining One


Innate Abilities, Weirdness & Mutations

You are very small and have problems with some larger weapons.
You are too small for most types of armour.
You have supernaturally acute eyesight. (SInv)
You cover ground extremely quickly. (Speed+++)


Message History

You shoot an arrow. The arrow hits the orc wizard.
The orc wizard is almost dead.
A steam dragon comes into view.
The orc wizard gestures at you while chanting.
The magic dart hits you.
You shoot an arrow. The arrow hits the orc wizard.
You kill the orc wizard!
Okawaru accepts your kill.
You shoot an arrow. The arrow hits the steam dragon.
The steam dragon is lightly wounded.
You shoot an arrow. The arrow hits the steam dragon.
The steam dragon is moderately wounded.
You shoot an arrow. The arrow hits the steam dragon!
The steam dragon is heavily wounded.
You shoot an arrow.
The arrow barely misses the steam dragon.
You shoot an arrow.
The arrow closely misses the steam dragon.
The steam dragon misses you. The steam dragon closely misses you.
You shoot an arrow. The arrow hits the steam dragon.
The steam dragon is heavily wounded.
The steam dragon bites you!
The steam dragon claws you but does no damage.
You shoot an arrow. The arrow hits the steam dragon!
The steam dragon is severely wounded.
The steam dragon breathes steam at you. The ball of steam hits you!!
Ouch! That really hurt!
Fire: a) +0 shortbow
Press: ? - help, Q - select action, (/) - cycle Shift-Dir - straight line, f/p - steam dragon
Aim: a steam dragon (severely wounded, catching its breath, 67% to hit)
You shoot an arrow. The arrow hits the steam dragon.
The steam dragon is severely wounded.
You are engulfed in a cloud of scalding steam.
* * * LOW HITPOINT WARNING * * *
The steam dragon misses you. The steam dragon completely misses you.
You are engulfed in a cloud of scalding steam.
* * * LOW HITPOINT WARNING * * *
You are engulfed in a cloud of scalding steam.
You die...

#.....##...#........
#.....##...#........
#...).##....>......#
#.....##.....#......
#.....######..<#.###
#.§§....#####..#..#
#.§.§.#...# #..##.#
###.#####.###...#.#
#@# #.....#.#.# #§#
###.......## #D#
#..###.#... #)# #.##
.#.#. #.# #.# ....
#.# #.# #...# #)#
#.# ..... #)# #.#
###..# #.# #.. ##..


You could see a steam dragon (catching breath).

Vanquished Creatures
  A water moccasin (Sewer)
  An ice beast (D:5)
  An ogre (D:4)
  A black bear (D:5)
  A necrophage (D:6)
  3 scorpions
  3 jellies
  3 orc priests
  3 hounds (D:5)
  4 iguanas
  4 orc wizards
  7 adders
  2 river rats (D:3)
  A shadow imp (D:6)
  A white imp (D:5)
  An ufetubus (D:4)
  2 worms
  4 dart slugs
  16 orcs
  3 endoplasms (D:1)
  8 giant cockroaches
  9 goblins
  2 hobgoblins
  6 jackals
  7 quokkas
  4 ball pythons
  14 bats
  10 kobolds
  9 rats
131 creatures vanquished.

Vanquished Creatures (others)
  A plant (D:6)
1 creature vanquished.

Grand Total: 132 creatures vanquished

Notes
Turn   | Place    | Note
-------+----------+-------------------------------------------
     0 | D:1      | wormed the Spriggan Hunter began the quest for the Orb.
     0 | D:1      | Reached XP level 1. HP: 10/10 MP: 2/2
    43 | D:1      | Reached XP level 2. HP: 15/15 MP: 3/3
   337 | D:1      | Reached XP level 3. HP: 18/18 MP: 4/4
   752 | D:2      | Found a basalt altar of Yredelemnul.
  1143 | D:2      | Reached XP level 4. HP: 23/23 MP: 5/5
  1477 | D:3      | Reached skill level 5 in Ranged Weapons
  1492 | D:3      | Reached XP level 5. HP: 23/27 MP: 6/6
  1761 | D:3      | Identified the +7 falchion of Cobwebs {holy, rN+ Str+4
                  | Dex+2}
  2081 | D:3      | Found a glowing drain.
  2088 | Sewer    | Entered a sewer
  2123 | Sewer    | Noticed a water moccasin
  2146 | Sewer    | Killed a water moccasin
  2147 | Sewer    | Reached XP level 6. HP: 30/32 MP: 7/7
  2559 | D:4      | Reached skill level 5 in Dodging
  2559 | D:4      | Reached skill level 5 in Stealth
  2633 | D:4      | Found a stormy altar of Qazlal.
  2742 | D:4      | Reached XP level 7. HP: 36/36 MP: 8/8
  2797 | D:4      | Found a sacrificial altar of Ru.
  2875 | D:4      | Found a shimmering altar of Xom.
  3248 | D:5      | Entered Level 5 of the Dungeon
  3548 | D:5      | Reached XP level 8. HP: 42/42 MP: 9/9
  4227 | D:6      | Found a staircase to the Ecumenical Temple.
  4239 | Temple   | Entered the Ecumenical Temple
  4409 | Temple   | Became a worshipper of Warmaster Okawaru
  4676 | D:6      | HP: 2/42 [steam dragon] (3)]
  4677 | D:6      | Engulfed by a steam dragon's steam

Illustrated notes

Levels and vault maps discovered:
D:1:      giann_horns, layout_basic
D:2:      layout_basic, basic_altar, minmay_misc_feat_square
D:3:      layout_loops_ring, portal_sewer_entry_e, minmay_stone_trees_large,
          kennysheep_nub, hangedman_abyss_or_decor_lesser_grid
D:4:      layout_gridville, marbit_many_paths, nicolae_ru_sacrificial_ziggurat,
          kennysheep_mini
D:5:      layout_gridville, serial_co_window_serial, co_window_corner_a,
          co_window_corner_a, co_window_paths_b, co_window_paths_a,
          co_window_paths_a, co_window_of_opportunity_c, co_window_corner_ca,
          co_window_corner_ca, co_window_4corner_a, glass_columns_a,
          glass_columns_a, glass_columns_b, glass_columns_a,
          minmay_misc_feat_chi
D:6:      layout_rooms, minmay_temple_entry_gardened_gates, serial_shops,
          nicolae_shop_statue_plus, kennysheep_crisscross, dk_rats_in_the_wall
Temple:   hellmonk_temple_forest_ring

Skill      XL: |  1  2  3  4  5  6  7  8 |
---------------+-------------------------+-----
Stealth        | 2 3 4 5 6 7 |  7.1
Dodging        | 3 4 5 6 |  6.5
Fighting       | 2 3 4 |  4.0
Ranged Weapons | 5 6 7 |  7.6

Action                   |  1- 3 |  4- 6 |  7- 9 || total
-------------------------+-------+-------+-------++-------
 Fire: Shortbow          |   104 |   172 |   178 ||   454
  Use: Scroll            |       |       |     3 ||     3
Armor: Robe              |     2 |     9 |     6 ||    17
Dodge: Dodged            |    24 |    65 |    55 ||   144

Table legend: (Time is in decaauts)
 A = Elapsed time spent in this place.
 B = Non-inter-level travel time spent in this place.
 C = Inter-level travel time spent in this place.
 D = Time resting spent in this place.
 E = Time spent auto-exploring this place.
 F = Levels seen in this place.
 G = Mean time per level.
                   A        B        C        D        E       F      G
               +--------+--------+--------+--------+--------+-----+--------+
         Total |   3192 |   3093 |     99 |      0 |   2237 |   8 |  399.0 |
       Dungeon |   2977 |   2883 |     94 |      0 |   2115 |   6 |  496.2 |
        Temple |    112 |    108 |      4 |      0 |     83 |   1 |  112.0 |
         Sewer |    102 |    102 |      0 |      0 |     37 |   1 |  102.0 |
               +--------+--------+--------+--------+--------+-----+--------+

Top non-repeatable levels by time:
     D:5: 608 daAuts
     D:4: 581 daAuts
     D:3: 552 daAuts
     D:2: 506 daAuts
     D:1: 502 daAuts
     D:6: 224 daAuts
  Temple: 112 daAuts
   Sewer: 102 daAuts
